Map: Oxide LE

Players

MaSa - Winner!

  • Race: Terran Terran

DisK

  • Race: Protoss Protoss

Event: DreamHack SC2 Masters 2021 Fall

VOD

Have the link to the VOD?

Description

Time

  • Played on: Aug. 12, 2021, 3:28 p.m.
  • Length: 9:37

All games in this series

Show
View Real Time Build Order
Export as new Build Order

MaSa Terran - Winner!

Build Orders:  

Get SALT Encoding   

  12  0:00  SCV  
  13  0:12  SCV  
  14  0:18  Supply Depot  
  14  0:24  SCV  
  15  0:39  SCV  
  15  0:40  Barracks  
  16  0:45  Refinery  
  16  0:51  Refinery  
  16  0:55  SCV  
  17  1:07  SCV  
  18  1:19  SCV  
  19  1:27  Reaper  
  19  1:31  Orbital Command  
  20  1:42  Factory  
  20  1:58  SCV  
  20  1:59  Reaper  
  22  2:04  Bunker  
  22  2:10  SCV  
  23  2:29  Command Center  
  23  2:31  SCV  
  23  2:35  Factory Tech Lab  
  23  2:37  Supply Depot  
  23  2:59  SCV  
  23  3:03  Cyclone  
  26  3:11  SCV  
  27  3:21  Supply Depot  
  27  3:23  SCV  
  27  3:35  SCV  
  28  3:47  SCV  
  28  3:50  Orbital Command  
  28  3:55  Barracks Reactor  
  28  3:57  Command Center  
  28  3:59  SCV  
  29  4:06  Siege Tank  
  31  4:11  SCV  
  31  4:14  Orbital Command  
  32  4:17  Barracks  
  32  4:21  Barracks  
  32  4:23  SCV  
  33  4:27  Starport  
  33  4:34  Marine x2  
  33  4:35  SCV  
  36  4:39  SCV  
  36  4:40  Siege Tank  
  40  4:47  Bunker  
  40  4:48  SCV  
  40  4:51  SCV  
  42  4:54  Marine  
  42  4:57  Refinery  
  43  5:00  SCV  
  43  5:03  SCV  
  43  5:04  Engineering Bay  
  45  5:08  Barracks Tech Lab  
  45  5:11  Barracks Tech Lab  
  45  5:12  SCV  
  46  5:17  Orbital Command  
  46  5:19  SCV  
  47  5:22  Starport Reactor  
  47  5:24  SCV  
  47  5:25  Marine  
  49  5:30  Missile Turret  
  49  5:33  Terran Infantry Weapons Level 1  
  49  5:34  SCV  
  50  5:35  Marine  
  50  5:38  Marine  
  50  5:40  Marine  
  50  5:42  Stimpack  
  53  5:44  SCV  
  53  5:46  SCV  
  53  5:47  SCV  
  53  5:48  Marine  
  57  5:53  Marine  
  57  5:54  Siege Tank  
  57  5:56  SCV  
  62  6:01  SCV x2  
  62  6:02  Supply Depot  
  64  6:05  Refinery  
  64  6:08  SCV, Marauder  
  64  6:10  Marauder  
  69  6:15  Supply Depot  
  69  6:16  Marine x2, SCV  
  72  6:20  Medivac  
  72  6:22  Medivac  
  72  6:23  SCV  
  72  6:25  SCV  
  78  6:28  Supply Depot  
  78  6:32  Supply Depot, Combat Shield  
  78  6:37  Marauder  
  78  6:38  SCV x2  
  78  6:39  SCV  
  83  6:44  Siege Tank  
  83  6:45  Marine  
  83  6:46  Marine  
  88  6:47  Marine  
  88  6:51  SCV  
  90  6:54  Orbital Command  
  90  6:57  Marine  
  90  7:00  Barracks  
  90  7:01  Barracks  
  91  7:06  Marine x2  
  91  7:07  SCV, Marauder  
  95  7:09  SCV  
  95  7:19  SCV  
  95  7:20  Marauder  
  88  7:24  Marine x2, SCV x2  
  88  7:28  Marine  
  93  7:31  SCV  
  93  7:33  Terran Infantry Armor Level 1  
  93  7:36  SCV x2  
  96  7:37  Medivac  
  96  7:40  Marine, Medivac  
  96  7:42  Marine  
  96  7:43  SCV  
  103  7:45  Supply Depot  
  103  7:46  Marauder  
  103  7:47  Supply Depot  
  103  7:48  Marine, SCV x2  
  103  7:49  Barracks Tech Lab  
  103  7:50  Barracks Reactor  
  108  7:51  Concussive Shells  
  108  7:55  SCV  
  109  8:03  SCV  
  108  8:07  Siege Tank  
  108  8:12  Marine x2, Marauder x2  
  116  8:13  Medivac  
  116  8:15  Medivac  
  120  8:21  SCV x3  
  120  8:22  Supply Depot  
  120  8:24  Supply Depot  
  120  8:25  Marauder  
  123  8:29  Marine  
  123  8:31  Refinery  
  123  8:32  Refinery, Supply Depot x2, Marine  
  125  8:43  SCV  
  125  8:44  Marine x2, SCV x2, Marauder x2  
  125  8:46  Marauder  
  135  8:49  Marine  
  135  8:50  Marine, Siege Tank  
  135  8:52  Supply Depot  
  135  8:53  Medivac  
  140  8:56  SCV  
  140  9:00  SCV  
  140  9:02  SCV  
  140  9:06  Marine x2, Marauder x2  
  140  9:07  Marauder  
  140  9:08  SCV  
  146  9:12  SCV  
  146  9:15  Marine x2  
  133  9:17  SCV  
  133  9:21  Command Center  
Show
View Real Time Build Order
Export as new Build Order

DisK Protoss 

Build Orders: 1 Gate Expand 

Get SALT Encoding   

  12  0:00  Probe  
  13  0:12  Probe  
  14  0:17  Pylon  
  14  0:24  Probe  
  15  0:36  Probe (Chrono Boost)  
  15  0:37  Gateway  
  16  0:46  Probe (Chrono Boost)  
  16  0:47  Assimilator  
  17  0:51  Probe (Chrono Boost)  
  18  1:03  Probe  
  19  1:15  Probe  
  20  1:24  Cybernetics Core  
  20  1:27  Zealot  
  22  1:40  Nexus  
  22  1:47  Pylon  
  22  1:49  Probe  
  23  2:01  Warp Gate  
  23  2:04  Assimilator, Adept (Chrono Boost)  
  25  2:11  Probe  
  24  2:23  Probe  
  24  2:27  Adept (Chrono Boost)  
  26  2:35  Probe  
  27  2:44  Pylon  
  27  2:47  Probe  
  26  2:55  Probe  
  24  2:59  Probe  
  25  3:08  Probe  
  25  3:11  Probe  
  27  3:21  Shield Battery  
  27  3:22  Probe  
  27  3:24  Probe  
  30  3:34  Stalker (Chrono Boost), Probe  
  29  3:51  Twilight Council, Probe (Chrono Boost)  
  29  3:53  Probe (Chrono Boost)  
  27  3:56  Stalker (Chrono Boost)  
  29  4:04  Probe x2 (Chrono Boost)  
  30  4:11  Probe (Chrono Boost)  
  30  4:16  Probe (Chrono Boost)  
  32  4:22  Gateway  
  32  4:23  Probe (Chrono Boost)  
  32  4:24  Blink (Chrono Boost)  
  33  4:27  Probe (Chrono Boost)  
  33  4:28  Probe (Chrono Boost)  
  35  4:37  Stalker  
  37  4:38  Probe  
  37  4:41  Probe  
  39  4:47  Pylon  
  39  4:54  Robotics Facility  
  39  4:55  Probe  
  39  4:56  Probe  
  41  5:03  Pylon  
  41  5:05  Stalker  
  43  5:07  Probe  
  43  5:13  Probe  
  45  5:19  Probe  
  45  5:21  Gateway  
  46  5:22  Gateway  
  46  5:27  Stalker  
  48  5:31  Probe  
  48  5:32  Stalker  
  51  5:40  Probe  
  51  5:41  Assimilator  
  51  5:42  Pylon  
  52  5:43  Probe  
  52  5:45  Observer  
  54  5:51  Stalker  
  54  5:53  Probe  
  54  5:56  Stalker  
  59  5:59  Pylon  
  59  6:01  Probe  
  60  6:09  Warp Prism  
  62  6:18  Stalker x3  
  68  6:31  Stalker  
  70  6:41  Observer  
  70  6:48  Observer  
  70  6:50  Stalker x3  
  70  6:51  Nexus  
  70  6:54  Pylon  
  76  7:13  Stalker x2  
  80  7:19  Stalker x2  
  72  7:23  Charge (Chrono Boost)  
  64  7:32  Probe x2  
  64  7:36  Stalker x2  
  70  7:39  Pylon, Observer  
  70  7:41  Gateway x2  
  70  7:42  Stalker  
  72  7:44  Probe  
  72  7:45  Assimilator  
  73  8:00  Forge  
  71  8:06  Adept  
  71  8:07  Adept x2  
  71  8:10  Probe x3  
  74  8:18  Templar Archives  
  70  8:27  Zealot x4  
  70  8:29  Probe x3 (Chrono Boost)  
  70  8:30  Shield Battery  
  70  8:31  Immortal  
  83  8:43  Shield Battery, Probe (Chrono Boost)  
  82  8:58  Zealot x5  
  90  9:03  Zealot  
  71  9:18  Zealot x3  
  71  9:19  Zealot  
  71  9:23  Probe x3  

Tags
 
Add a new tag
Caveats
  • Supply blocks, unpowered buildings, or Contaminate may cause inaccurate times.
  • Supply counts are checked every 10 seconds.